 Dungeon Crawl Stone Soup version 0.32-a0-732-ga344392067 (webtiles) character file.

Game seed: 11195599127628108818

79 jasper the Caller (level 4, -1/30 HPs)
             Began as a Demonspawn Summoner on Mar 16, 2024.
             Slain by a gnoll
             ... wielding a +0 spear
              (3 damage)
             ... on level 2 of the Dungeon.
             The game lasted 00:03:51 (1189 turns).

jasper the Caller (Demonspawn Summoner)             Turns: 1189, Time: 00:03:52

Health: -1/30      AC:  5    Str:  8    XL:     4   Next: 16%
Magic:  1/7        EV: 11    Int: 18    God:
Gold:   59         SH:  0    Dex: 13    Spells: 1/7 levels left

rFire   + . .        c - +0 eveningstar
rCold   + . .        (no shield)
rNeg    . . .        a - +1 robe
rPois   +            (helmet restricted)
rElec   +            (no cloak)
rCorr   +            (no gloves)
SInv    .            (no boots)
Will    .....        (no amulet)
Stlth   ++           (no ring)
HPRegen 0.25/turn    (no ring)
MPRegen 0.10/turn

%: no passive effects
@: resistant, inugami summoned
A: antennae 1, molten scales 1, powered by death 1
a: no special abilities


You were on level 2 of the Dungeon.
You visited 1 branch of the dungeon, and saw 2 of its levels.

You collected 59 gold pieces.

Inventory:

Hand Weapons
 c - a +0 eveningstar (weapon)
 d - a +1 dagger of freezing
Armour
 a - a +1 robe (worn)
Scrolls
 e - 2 scrolls of teleportation


   Skills:
 - Level 1.7 Dodging
 - Level 1.7 Stealth
 - Level 2.0 Spellcasting
 + Level 5.7 Summonings


You had one spell level left.
You knew the following spells:

 Your Spells              Type           Power      Damage    Failure   Level
a - Summon Small Mammal   Summ           88%        N/A       1%          1
b - Call Imp              Summ           44%        N/A       2%          2
c - Call Canine Familiar  Summ           22%        N/A       4%          3

Your spell library contained the following spells:

 Spells                   Type           Power      Damage    Failure   Level
 Summon Blazeheart Golem  Fire/Summ      12%        N/A       50%         4
 Summon Lightning Spire   Summ/Air       12%        N/A       50%         4


Dungeon Overview and Level Annotations

Branches:
Dungeon (2/15)

Altars:


Innate Abilities, Weirdness & Mutations

You have a pair of small antennae on your head.
You are partially covered in molten scales. (AC +2)
You regenerate a little health from kills.


Message History

Your cerulean imp barely misses the gnoll.
The gnoll barely misses your cerulean imp.
The gnoll hits your cerulean imp with a +0 spear.
Your cerulean imp barely misses the gnoll.
The gnoll hits your cerulean imp with a +0 spear.
The gnoll closely misses your cerulean imp.
The gnoll hits your cerulean imp with a +0 flail!
Okay, then.
It was a potion of resistance.
You feel protected.
Your cerulean imp hits the gnoll with a -2 spear.
The gnoll barely misses your cerulean imp.
The gnoll closely misses your cerulean imp.
The gnoll barely misses your cerulean imp.
As you read the scroll labelled QEMUTIAMME, it crumbles to dust.
You feel a strange sense of stasis.
It was a scroll of teleportation.
Your cerulean imp hits the gnoll with a -2 spear.
The gnoll hits your cerulean imp with a +0 spear.
Your cerulean imp dies!
Your cerulean imp disappears in a puff of smoke!
The gnoll hits you from afar with a +0 spear.
* * * LOW HITPOINT WARNING * * *
You take 3 damage, and have 6/45 hp.
Casting: Call Canine Familiar (dangerous; 4% risk of failure)
Confirm with . or Enter, or press ? or * to list all spells.
Okay, then.
The gnoll barely misses you.
The gnoll hits you from afar with a +0 spear.
* * * LOW HITPOINT WARNING * * *
You take 4 damage, and have 2/45 hp.
You aren't carrying any potions.
Okay, then.
You have nothing you can fire or use right now.
You aren't carrying any items that you can evoke.
The gnoll hits you but does no damage. The gnoll hits you but does no damage.
You feel less wooden.
Your +1 robe unmelds from your body.
The gnoll hits you from afar with a +0 spear.
You die...

### #.. ########. #.#
#h....... #.# #@######.
#.# #$# #.# ####g### #.#
#...gg.# #.# #.##.#.#
#.# # #.#.# #.# #†#.#
.#######.. ........#.#
.........#
.P..P...#.############.#


You could see 3 gnolls and a friendly inugami (summoned).

Vanquished Creatures
  A gnoll (D:2)
  2 dart slugs (D:1)
  An endoplasm (D:1)
  2 goblins
  4 hobgoblins
  6 jackals
  3 kobolds
  2 quokkas (D:2)
  2 ball pythons
  A bat (D:1)
  3 rats (D:1)
27 creatures vanquished.

Vanquished Creatures (collateral kills)
  An adder (D:2)
  2 gnolls (D:2)
  A hobgoblin (D:2)
  2 jackals (D:1)
  A ball python (D:1)
7 creatures vanquished.

Grand Total: 34 creatures vanquished

Notes
Turn   | Place    | Note
-------+----------+-------------------------------------------
     0 | D:1      | jasper the Demonspawn Summoner began the quest for the Orb.
     0 | D:1      | Reached XP level 1. HP: 13/13 MP: 3/3
   290 | D:1      | Gained mutation: You regenerate a little health from kills.
                  | [demonic ancestry]
   290 | D:1      | Reached XP level 2. HP: 19/19 MP: 5/5
   409 | D:1      | Learned a level 2 spell: Call Imp
   985 | D:2      | Reached skill level 5 in Summonings
   988 | D:2      | Gained mutation: You are partially covered in molten
                  | scales. (AC +2) [demonic ancestry]
   988 | D:2      | Reached XP level 3. HP: 24/24 MP: 6/6
  1009 | D:2      | Learned a level 3 spell: Call Canine Familiar
  1147 | D:2      | HP: 1/24 [gnoll/+0 flail (4)]
  1156 | D:2      | Gained mutation: You have a pair of small antennae on your
                  | head. [demonic ancestry]
  1156 | D:2      | Reached XP level 4. HP: 15/30 MP: 2/7
  1186 | D:2      | HP: 2/45 [gnoll/+0 spear (4)]
  1189 | D:2      | Slain by a gnoll

Illustrated notes

Levels and vault maps discovered:
D:1:      minmay_arrival_arboretum_small, layout_loops_corners
D:2:      layout_loops_ring, basic_altar, nicolae_grassy_gnolls

Skill      XL: |  1  2 |
---------------+-------+-----
Summonings     | 5 |  5.7
Dodging        | |  1.7
Stealth        | |  1.7
Spellcasting   | |  2.0

Action                     |  1- 3 |  4- 6 || total
---------------------------+-------+-------++-------
  Melee: Eveningstar       |    81 |       ||    81
         Unarmed           |     2 |       ||     2
   Cast: Summon Small Mamm |     5 |       ||     5
         Call Imp          |     4 |     2 ||     6
         Call Canine Famil |     1 |     2 ||     3
    Use: Scroll            |     2 |     2 ||     4
         Potion            |     1 |     2 ||     3
   Stab: Sleeping          |     1 |       ||     1
 Armour: Robe              |    73 |     1 ||    74
         Skin              |    10 |     8 ||    18
  Dodge: Dodged            |    69 |     1 ||    70

Table legend: (Time is in decaauts)
 A = Elapsed time spent in this place.
 B = Non-inter-level travel time spent in this place.
 C = Inter-level travel time spent in this place.
 D = Time resting spent in this place.
 E = Time spent auto-exploring this place.
 F = Levels seen in this place.
 G = Mean time per level.
                   A        B        C        D        E       F      G
               +--------+--------+--------+--------+--------+-----+--------+
         Total |   1228 |   1203 |     25 |      0 |    870 |   2 |  614.0 |
       Dungeon |   1228 |   1203 |     25 |      0 |    870 |   2 |  614.0 |
               +--------+--------+--------+--------+--------+-----+--------+

Top non-repeatable levels by time:
     D:1: 969 daAuts
     D:2: 259 daAuts
